[ AOE2 MATCH · #506752234 ]
UnrankedRomans vs Mongols
Player's team · LOSS
Rival team · WIN
[ REPLAY ANALYSIS · EXTRACTED FROM THE RECORDED GAME ]
Feudal
16:26
Castle
—
Imperial
—
| APM avg | 72.6 |
| APM peak | 144 |
| eAPM avg | 34.2 |
| Villagers / military | 46 / 15 |
Focus
⚔️ 45.0% · 🌾 55.0%
Militia ×15
Feudal
14:28
Castle
20:32
Imperial
—
| APM avg | 57.3 |
| APM peak | 111 |
| eAPM avg | 28.3 |
| Villagers / military | 39 / 18 |
Focus
⚔️ 58.7% · 🌾 41.3%
Militia ×16 · Knight ×2
Match map
Initial resources + every placement click. Lines = walls · curves = elevation contours. ◆ gold · ⬟ stone · ● berries · ✦ relic · ◌ wall gap
Your base· Open — unwalled flank
RedPhosphoru's base· ✓ Closed at 20:32 · 52t walls · no gate
Smoothed initial terrain · ◌ = detected wall gap · hover for details
Inputs per minute
— RD | Kiko - - RedPhosphoru
Build order — RD | Kiko
First 150 of 154 actions detected
| 0:00 | Queue | Villager (Male) |
| 0:01 | Queue | Villager (Male) |
| 0:02 | Build | House |
| 0:02 | Build | House |
| 0:06 | Queue | Villager (Male) |
| 0:06 | Queue | Villager (Male) |
| 1:22 | Queue | Villager (Male) |
| 1:56 | Queue | Villager (Male) |
| 1:56 | Queue | Villager (Male) |
| 2:11 | Build | Lumber Camp |
| 2:12 | Queue | Villager (Male) |
| 2:55 | Queue | Villager (Male) |
| 3:05 | Queue | Villager (Male) |
| 3:25 | Build | House |
| 3:30 | Queue | Villager (Male) |
| 3:43 | Queue | Villager (Male) |
| 3:43 | Queue | Villager (Male) |
| 4:20 | Queue | Villager (Male) |
| 4:49 | Queue | Villager (Male) |
| 4:49 | Queue | Villager (Male) |
| 4:52 | Build | Barracks |
| 5:08 | Queue | Villager (Male) |
| 5:28 | Queue | Villager (Male) |
| 5:35 | Research | Loom |
| 5:35 | Research | Loom |
| 5:39 | Build | Palisade Wall |
| 5:40 | Build | Palisade Wall |
| 5:42 | Build | Palisade Wall |
| 5:52 | Queue | Militia |
| 5:52 | Queue | Militia |
| 5:59 | Build | House |
| 6:05 | Build | House |
| 6:12 | Build | Palisade Wall |
| 6:15 | Build | Palisade Wall |
| 6:21 | Queue | Villager (Male) |
| 6:25 | Queue | Villager (Male) |
| 6:30 | Build | Palisade Wall |
| 6:35 | Build | Palisade Wall |
| 6:37 | Build | Palisade Wall |
| 6:39 | Queue | Villager (Male) |
| 6:39 | Queue | Villager (Male) |
| 6:51 | Build | Palisade Wall |
| 6:56 | Build | Palisade Wall |
| 6:57 | Build | Palisade Wall |
| 6:57 | Build | Palisade Wall |
| 6:58 | Build | Palisade Wall |
| 6:58 | Build | Palisade Wall |
| 6:59 | Build | Palisade Wall |
| 7:00 | Build | Palisade Wall |
| 7:12 | Queue | Villager (Male) |
| 7:29 | Queue | Villager (Male) |
| 7:35 | Build | Palisade Wall |
| 7:37 | Build | Palisade Wall |
| 7:40 | Build | Mining Camp |
| 7:55 | Queue | Villager (Male) |
| 7:58 | Queue | Villager (Male) |
| 7:59 | Queue | Villager (Male) |
| 8:03 | Build | Palisade Wall |
| 8:04 | Queue | Villager (Male) |
| 8:28 | Queue | Villager (Male) |
| 8:41 | Build | Palisade Wall |
| 8:52 | Build | Palisade Wall |
| 8:58 | Queue | Villager (Male) |
| 8:58 | Queue | Villager (Male) |
| 9:09 | Queue | Villager (Male) |
| 9:36 | Queue | Villager (Male) |
| 10:11 | Build | Mill |
| 10:23 | Build | House |
| 10:44 | Build | Farm |
| 10:47 | Build | Farm |
| 10:48 | Build | Farm |
| 10:50 | Build | Farm |
| 10:55 | Build | Farm |
| 11:04 | Queue | Villager (Male) |
| 11:14 | Queue | Villager (Male) |
| 11:40 | Queue | Villager (Male) |
| 11:46 | Build | House |
| 12:04 | Build | House |
| 12:43 | Build | House |
| 13:09 | Build | Farm |
| 13:33 | Build | House |
| 13:35 | Build | Palisade Wall |
| 13:41 | Build | Farm |
| 13:42 | Build | Farm |
| 13:43 | Build | Farm |
| 14:09 | Build | Farm |
| 14:16 | Research | Feudal Age |
| 14:16 | Research | Feudal Age |
| 14:31 | Build | Barracks |
| 15:05 | Queue | Militia |
| 15:06 | Queue | Militia |
| 15:06 | Queue | Militia |
| 15:06 | Queue | Militia |
| 15:16 | Build | Palisade Wall |
| 15:17 | Build | Palisade Wall |
| 15:24 | Build | Palisade Wall |
| 15:25 | Build | Palisade Wall |
| 15:30 | Queue | Militia |
| 15:30 | Queue | Militia |
| 15:32 | Build | Palisade Wall |
| 15:33 | Build | Palisade Wall |
| 15:53 | Build | House |
| 15:54 | Build | House |
| 16:02 | Build | Palisade Wall |
| 16:05 | Build | Palisade Wall |
| 16:06 | Build | House |
| 16:07 | Build | House |
| 16:14 | Build | Palisade Wall |
| 16:15 | Build | Palisade Wall |
| 16:25 | Queue | Villager (Male) |
| 16:26 | Age | Feudal Age |
| 16:28 | Build | Blacksmith |
| 16:30 | Build | House |
| 16:37 | Research | Man-at-Arms (upgrade) |
| 16:38 | Research | Man-at-Arms (upgrade) |
| 16:40 | Queue | Villager (Male) |
| 16:44 | Build | House |
| 16:45 | Build | House |
| 16:47 | Queue | Villager (Male) |
| 16:49 | Build | House |
| 16:51 | Build | House |
| 16:54 | Queue | Villager (Male) |
| 16:55 | Queue | Villager (Male) |
| 16:58 | Build | House |
| 17:08 | Research | Scale Mail Armor |
| 17:08 | Research | Scale Mail Armor |
| 17:30 | Queue | Militia |
| 17:31 | Queue | Militia |
| 17:31 | Queue | Militia |
| 17:38 | Build | Farm |
| 17:43 | Queue | Villager (Male) |
| 17:51 | Build | Palisade Wall |
| 17:52 | Build | Palisade Wall |
| 17:58 | Queue | Militia |
| 17:58 | Queue | Militia |
| 18:07 | Build | Palisade Wall |
| 18:08 | Build | Palisade Wall |
| 18:16 | Queue | Villager (Male) |
| 18:29 | Queue | Militia |
| 18:35 | Build | Farm |
| 18:49 | Build | Farm |
| 18:51 | Build | Farm |
| 18:53 | Build | Farm |
| 18:54 | Build | Farm |
| 18:56 | Build | Farm |
| 18:59 | Build | Farm |
| 19:09 | Queue | Villager (Male) |
| 19:18 | Queue | Villager (Male) |
| 19:22 | Queue | Militia |
| 19:40 | Build | Farm |
Build order — RedPhosphoru
120 actions detected in the replay
| 0:00 | Queue | Villager (Male) |
| 0:00 | Queue | Villager (Male) |
| 0:02 | Build | House |
| 0:03 | Build | House |
| 0:07 | Queue | Villager (Male) |
| 0:16 | Queue | Villager (Male) |
| 1:18 | Queue | Villager (Male) |
| 1:54 | Queue | Villager (Male) |
| 2:16 | Queue | Villager (Male) |
| 2:54 | Queue | Villager (Male) |
| 3:18 | Build | Barracks |
| 3:22 | Queue | Villager (Male) |
| 3:25 | Build | House |
| 3:38 | Queue | Villager (Male) |
| 4:01 | Queue | Villager (Male) |
| 4:13 | Queue | Villager (Male) |
| 4:20 | Build | House |
| 4:36 | Queue | Militia ×3 |
| 4:41 | Queue | Villager (Male) |
| 5:00 | Queue | Villager (Male) |
| 5:06 | Queue | Militia |
| 5:15 | Build | House |
| 5:19 | Queue | Villager (Male) |
| 5:22 | Queue | Militia |
| 5:29 | Queue | Villager (Male) |
| 5:43 | Queue | Villager (Male) |
| 5:53 | Build | House |
| 6:03 | Build | Palisade Wall |
| 6:04 | Queue | Villager (Male) |
| 6:09 | Build | House |
| 6:13 | Build | House |
| 6:18 | Build | Palisade Wall |
| 6:19 | Build | Palisade Wall |
| 6:28 | Build | Mill |
| 7:02 | Build | Lumber Camp |
| 7:13 | Queue | Villager (Male) |
| 7:29 | Queue | Villager (Male) |
| 7:39 | Queue | Villager (Male) |
| 7:51 | Queue | Villager (Male) |
| 8:04 | Build | Mining Camp |
| 8:08 | Queue | Militia |
| 8:18 | Build | Palisade Wall |
| 8:35 | Queue | Villager (Male) |
| 8:43 | Queue | Militia |
| 9:00 | Queue | Villager (Male) |
| 9:03 | Build | Farm |
| 9:05 | Build | Farm |
| 9:21 | Build | House |
| 9:25 | Queue | Militia ×2 |
| 9:29 | Queue | Villager (Male) |
| 9:44 | Queue | Villager (Male) |
| 9:46 | Build | House |
| 9:52 | Build | Lumber Camp |
| 10:04 | Queue | Villager (Male) |
| 10:15 | Queue | Militia ×2 |
| 10:39 | Queue | Militia |
| 10:46 | Queue | Villager (Male) |
| 10:58 | Research | Loom |
| 10:59 | Queue | Villager (Male) |
| 11:01 | Build | Farm |
| 11:02 | Build | Farm |
| 11:21 | Build | Farm |
| 11:29 | Build | Mill |
| 11:40 | Build | Palisade Wall |
| 11:42 | Build | Palisade Wall |
| 11:48 | Queue | Villager (Male) |
| 11:55 | Build | House |
| 12:18 | Research | Feudal Age |
| 12:30 | Build | Farm |
| 12:32 | Build | House |
| 12:33 | Build | House |
| 12:54 | Build | Palisade Wall |
| 13:05 | Build | Farm |
| 13:17 | Build | Palisade Wall |
| 13:35 | Queue | Villager (Male) |
| 13:38 | Build | House |
| 13:39 | Build | House |
| 14:12 | Build | Mining Camp |
| 14:17 | Build | Farm |
| 14:22 | Queue | Villager (Male) |
| 14:28 | Age | Feudal Age |
| 14:31 | Research | Man-at-Arms (upgrade) |
| 14:31 | Research | Arson |
| 14:35 | Research | Double-Bit Axe |
| 14:35 | Research | Horse Collar |
| 14:43 | Queue | Villager (Male) |
| 14:44 | Build | Farm |
| 14:47 | Build | Farm |
| 14:53 | Queue | Militia ×4 |
| 14:58 | Queue | Villager (Male) |
| 15:17 | Research | Wheelbarrow |
| 15:30 | Build | Market |
| 15:33 | Build | Stone Wall |
| 15:36 | Queue | Villager (Male) |
| 16:10 | Build | Blacksmith |
| 16:25 | Build | House |
| 16:27 | Build | Palisade Wall |
| 16:41 | Build | Farm |
| 16:48 | Build | Palisade Wall |
| 16:51 | Build | House |
| 17:02 | Queue | Villager (Male) |
| 17:23 | Queue | Villager (Male) |
| 17:46 | Research | Castle Age |
| 18:13 | Queue | Villager (Male) |
| 18:21 | Build | Farm |
| 18:26 | Build | Farm |
| 18:26 | Build | Farm |
| 18:26 | Build | Farm |
| 18:27 | Build | Farm |
| 18:27 | Build | Farm |
| 18:27 | Build | Farm |
| 19:12 | Build | House |
| 19:14 | Build | Palisade Wall |
| 19:34 | Queue | Villager (Male) |
| 19:36 | Build | Stable |
| 19:43 | Build | Stable |
| 20:28 | Build | Farm |
| 20:32 | Age | Castle Age |
| 20:34 | Queue | Knight |
| 20:35 | Queue | Knight |
Match timeline
| 3:18 | RedPhosphoru · first_building Barracks |
| 4:52 | RD | Kiko · first_building Barracks |
| 5:39 | RD | Kiko · wall_segment Palisade Wall x1 |
| 5:40 | RD | Kiko · wall_segment Palisade Wall x1 |
| 5:42 | RD | Kiko · wall_segment Palisade Wall x1 |
| 6:03 | RedPhosphoru · wall_segment Palisade Wall x1 |
| 6:12 | RD | Kiko · wall_segment Palisade Wall x1 |
| 6:15 | RD | Kiko · wall_segment Palisade Wall x1 |
| 6:18 | RedPhosphoru · wall_segment Palisade Wall x1 |
| 6:19 | RedPhosphoru · wall_segment Palisade Wall x1 |
| 6:30 | RD | Kiko · wall_segment Palisade Wall x1 |
| 6:35 | RD | Kiko · wall_segment Palisade Wall x1 |
| 6:37 | RD | Kiko · wall_segment Palisade Wall x1 |
| 6:51 | RD | Kiko · wall_segment Palisade Wall x1 |
| 6:56 | RD | Kiko · wall_segment Palisade Wall x1 |
| 6:57 | RD | Kiko · wall_segment Palisade Wall x1 |
| 6:57 | RD | Kiko · wall_segment Palisade Wall x2 |
| 6:58 | RD | Kiko · wall_segment Palisade Wall x2 |
| 6:58 | RD | Kiko · wall_segment Palisade Wall x1 |
| 6:59 | RD | Kiko · wall_segment Palisade Wall x1 |
| 7:00 | RD | Kiko · wall_segment Palisade Wall x1 |
| 7:35 | RD | Kiko · wall_segment Palisade Wall x1 |
| 7:37 | RD | Kiko · wall_segment Palisade Wall x1 |
| 8:03 | RD | Kiko · wall_segment Palisade Wall x9 |
| 8:18 | RedPhosphoru · wall_segment Palisade Wall x1 |
| 8:41 | RD | Kiko · wall_segment Palisade Wall x1 |
| 8:52 | RD | Kiko · wall_segment Palisade Wall x2 |
| 11:40 | RedPhosphoru · wall_segment Palisade Wall x5 |
| 11:42 | RedPhosphoru · wall_segment Palisade Wall x16 |
| 12:54 | RedPhosphoru · wall_segment Palisade Wall x1 |
| 13:17 | RedPhosphoru · wall_segment Palisade Wall x1 |
| 13:35 | RD | Kiko · wall_segment Palisade Wall x5 |
| 14:28 | RedPhosphoru · age_up feudal |
| 15:16 | RD | Kiko · wall_segment Palisade Wall x1 |
| 15:17 | RD | Kiko · wall_segment Palisade Wall x1 |
| 15:24 | RD | Kiko · wall_segment Palisade Wall x2 |
| 15:25 | RD | Kiko · wall_segment Palisade Wall x2 |
| 15:32 | RD | Kiko · wall_segment Palisade Wall x1 |
| 15:33 | RD | Kiko · wall_segment Palisade Wall x1 |
| 15:33 | RedPhosphoru · wall_segment Stone Wall x1 |
| 16:02 | RD | Kiko · wall_segment Palisade Wall x1 |
| 16:05 | RD | Kiko · wall_segment Palisade Wall x1 |
| 16:14 | RD | Kiko · wall_segment Palisade Wall x1 |
| 16:15 | RD | Kiko · wall_segment Palisade Wall x1 |
| 16:26 | RD | Kiko · age_up feudal |
| 16:27 | RedPhosphoru · wall_segment Palisade Wall x6 |
| 16:48 | RedPhosphoru · wall_segment Palisade Wall x11 |
| 17:34 | RedPhosphoru · first_market_buy 100 food |
| 17:37 | RedPhosphoru · first_market_sell 100 stone |
| 17:51 | RD | Kiko · wall_segment Palisade Wall x1 |
| 17:52 | RD | Kiko · wall_segment Palisade Wall x1 |
| 18:07 | RD | Kiko · wall_segment Palisade Wall x1 |
| 18:08 | RD | Kiko · wall_segment Palisade Wall x1 |
| 19:14 | RedPhosphoru · wall_segment Palisade Wall x12 |
| 19:36 | RedPhosphoru · first_building Stable |
| 20:32 | RedPhosphoru · age_up castle |
| 20:40 | RD | Kiko · resign |
[ AI ANALYSIS · 1 CREDIT ]
What really happened in this match?
Wolo.gg analyzes every decision: build order, eco, micro, common mistakes by bracket. Personalized analysis on WhatsApp or Discord in 30 seconds.
Civ guide
Romans
Perfil
Kiko